3AA
ATLANTIC CITY SONICS @ BELVEDERE PARK RAWHIDES
08/15/2027
 
TOP OF THE 1ST
Atlantic City Sonics batting - Pitching for Belvedere Park Rawhides : RHP Paul Addison
Pitching: RHP Paul Addison
Batting: RHB José López 0-0: Ground out 5-3 (Groundball, 5L)
Batting: LHB Russ Hanneman 0-0: Ball
1-0: Called Strike
1-1: Called Strike
1-2: Foul Ball, location: 2F
1-2: Strikes out looking
Batting: RHB Brady Bess 0-0: Called Strike
0-1: Ball
1-1: Swinging Strike
1-2: Foul Ball, location: 2F
1-2: Ball
2-2: Foul Ball, location: 2F
2-2: Foul Ball, location: 2F
2-2: SINGLE (Groundball, 6D)
Batting: LHB Todd Blankenburg 0-0: SINGLE (Line Drive, 7S)
Brady Bess to second
Batting: RHB Thurman Blumer 0-0: Called Strike
0-1: Ball
1-1: SINGLE (Line Drive, 4D)
Brady Bess to third
Todd Blankenburg to second
Runner from 3rd tries for Home, SAFE, no throw
Batting: RHB Kevin Malone 0-0: Called Strike
0-1: Called Strike
0-2: Ball
1-2: Foul Ball, location: 2F
1-2: Ball
2-2: Ball
3-2: Foul Ball, location: 2F
3-2: Fly out, F7 (Flyball, 78D)
Top of the 1st over - 1 run(s), 3 hit(s), 0 error(s), 2 left on base; Atlantic City 1 - Belvedere Park 0
BOTTOM OF THE 1ST
Belvedere Park Rawhides batting - Pitching for Atlantic City Sonics : RHP Bill Tugwell
Pitching: RHP Bill Tugwell
Batting: RHB Emmanuele Lucchetti 0-0: Called Strike
0-1: Ball
1-1: Fly out, F9 (Flyball, 9)
Batting: SHB Eduardo Pampin 0-0: Ball
1-0: Foul Ball, location: 2F
1-1: Ball
2-1: Ball
3-1: Swinging Strike
3-2: Foul Ball, location: 2F
3-2: Foul Ball, location: 2F
3-2: Base on Balls
Batting: LHB Damian Delaney 0-0: Ball
1-0: Foul Ball, location: 2F
1-1: Ball
2-1: Foul Ball, location: 2F
2-2: Foul Ball, location: 2F
2-2: Ball
3-2: Grounds into double play, 4-6-3 (Groundball, 4)
Bottom of the 1st over - 0 run(s), 0 hit(s), 0 error(s), 0 left on base; Atlantic City 1 - Belvedere Park 0
TOP OF THE 2ND
Atlantic City Sonics batting - Pitching for Belvedere Park Rawhides : RHP Paul Addison
Batting: RHB Senior Pond 0-0: Ball
1-0: Fly out, F9 (Flyball, 9LM)
Batting: RHB Damon Grinter 0-0: Swinging Strike
0-1: Ball
1-1: SINGLE (Groundball, 5L) (infield hit)
Batting: RHB Cristián Alfonso 0-0: Called Strike
0-1: Foul Ball, location: 2F
0-2: SINGLE (Line Drive, 34D)
Damon Grinter to second
Damon Grinter to third
Batting: RHB José López 0-0: Ball
1-0: Foul Ball, location: 2F
1-1: Fly out, F8 (Flyball, 89M)
Runner from 3rd tags up, SCORES, no throw
Batting: LHB Russ Hanneman 0-0: Called Strike
0-1: Ball
1-1: Ball
2-1: Ball
3-1: Base on Balls
Cristián Alfonso to second
Batting: RHB Brady Bess 0-0: Ball
1-0: SINGLE (Line Drive, 7S)
Cristián Alfonso to third
Russ Hanneman to second
Runner from 3rd tries for Home, SAFE, no throw
Batting: LHB Todd Blankenburg 0-0: Foul Ball, location: 2F
0-1: Foul Ball, location: 2F
0-2: Ball
1-2: Ball
2-2: Fly out, F8 (Flyball, 8LM)
Top of the 2nd over - 2 run(s), 3 hit(s), 0 error(s), 2 left on base; Atlantic City 3 - Belvedere Park 0
BOTTOM OF THE 2ND
Belvedere Park Rawhides batting - Pitching for Atlantic City Sonics : RHP Bill Tugwell
Batting: RHB José Pérez 0-0: Foul Ball, location: 2F
0-1: Ball
1-1: Swinging Strike
1-2: Strikes out swinging
Batting: LHB Dan O'Day 0-0: Ball
1-0: Ball
2-0: Ball
3-0: Called Strike
3-1: Called Strike
3-2: SOLO HOME RUN (Flyball, 9D), Distance : 372 ft
Batting: RHB Jaime Cruz 0-0: Called Strike
0-1: Foul Ball, location: 2F
0-2: Ball
1-2: Ball
2-2: Foul Ball, location: 2F
2-2: SINGLE (Line Drive, 89S)
Batting: RHB Charles Rowell 0-0: Fly out, F7 (Line Drive, 7LS)
Batting: RHB Ed Jozwiak 0-0: Foul Ball, location: 2F
0-1: Swinging Strike
0-2: Ball
1-2: Ball
Wild Pitch!
Jaime Cruz to second
2-2: Foul Ball, location: 2F
2-2: Strikes out swinging
Bottom of the 2nd over - 1 run(s), 2 hit(s), 0 error(s), 1 left on base; Atlantic City 3 - Belvedere Park 1
TOP OF THE 3RD
Atlantic City Sonics batting - Pitching for Belvedere Park Rawhides : RHP Paul Addison
Batting: RHB Thurman Blumer 0-0: Called Strike
0-1: Foul Ball, location: 2F
0-2: Ball
1-2: Fly out, F7 (Flyball, 7S)
Batting: RHB Kevin Malone 0-0: Ball
1-0: Swinging Strike
1-1: Swinging Strike
1-2: SINGLE (Line Drive, 8RS)
Batting: RHB Senior Pond 0-0: Ball
1-0: Ball
2-0: Ball
3-0: Base on Balls
Kevin Malone to second
Batting: RHB Damon Grinter 0-0: Swinging Strike
0-1: Foul Ball, location: 2F
0-2: Ball
1-2: Strikes out swinging
Batting: RHB Cristián Alfonso 0-0: Ball
1-0: Foul Ball, location: 2F
1-1: Swinging Strike
1-2: Foul Ball, location: 2F
1-2: Strikes out looking
Top of the 3rd over - 0 run(s), 1 hit(s), 0 error(s), 2 left on base; Atlantic City 3 - Belvedere Park 1
BOTTOM OF THE 3RD
Belvedere Park Rawhides batting - Pitching for Atlantic City Sonics : RHP Bill Tugwell
Batting: RHB Armando Carmona 0-0: Ball
1-0: SINGLE (Groundball, 34D)
Batting: RHB Emmanuele Lucchetti 0-0: Called Strike
0-1: Ball
1-1: Ball
2-1: Ball
3-1: Base on Balls
Armando Carmona to second
Batting: SHB Eduardo Pampin 0-0: Called Strike
0-1: Ball
1-1: Ball
2-1: Ball
3-1: Foul Ball, location: 2F
3-2: SINGLE (Groundball, 3S) (infield hit)
Armando Carmona to third
Emmanuele Lucchetti to second
Batting: LHB Damian Delaney 0-0: Ball
1-0: Foul Ball, location: 2F
1-1: SINGLE (Line Drive, 6D)
Armando Carmona scores
Emmanuele Lucchetti to third
Eduardo Pampin to second
Runner from 3rd tries for Home, SAFE, no throw
Batting: RHB José Pérez 0-0: Ball
1-0: Called Strike
1-1: Swinging Strike
1-2: Ball
2-2: Foul Ball, location: 2F
2-2: Strikes out swinging
Batting: LHB Dan O'Day 0-0: Called Strike
0-1: Ball
1-1: Foul Ball, location: 2F
1-2: Ball
2-2: SINGLE (Groundball, 4D)
Eduardo Pampin to third
Damian Delaney to second
Runner from 3rd tries for Home, SAFE, throw made home
Damian Delaney to third
Dan O'Day to second
Batting: RHB Jaime Cruz 0-0: Ball
1-0: SINGLE (Groundball, 34D)
Damian Delaney scores
Dan O'Day to third
Runner from 3rd tries for Home, SAFE, no throw
Batting: RHB Charles Rowell 0-0: Called Strike
0-1: Grounds into double play, 6-4-3 (Groundball, 6)
Bottom of the 3rd over - 5 run(s), 5 hit(s), 0 error(s), 0 left on base; Atlantic City 3 - Belvedere Park 6
TOP OF THE 4TH
Atlantic City Sonics batting - Pitching for Belvedere Park Rawhides : RHP Paul Addison
Batting: RHB José López 0-0: Swinging Strike
0-1: Ball
1-1: Swinging Strike
1-2: Ball
2-2: Strikes out looking
Batting: LHB Russ Hanneman 0-0: SINGLE (Groundball, 34D)
Batting: RHB Brady Bess 0-0: Ball
1-0: Foul Ball, location: 2F
1-1: Foul Ball, location: 2F
1-2: Foul Ball, location: 2F
1-2: 2-RUN HOME RUN (Flyball, 7D), Distance : 403 ft
Batting: LHB Todd Blankenburg 0-0: Ball
1-0: Ground out 5-3 (Groundball, 5)
Batting: RHB Thurman Blumer 0-0: Ball
1-0: Ball
2-0: Foul Ball, location: 2F
2-1: Foul Ball, location: 2F
2-2: Foul Ball, location: 2F
2-2: Ground out 4-3 (Groundball, 4)
Top of the 4th over - 2 run(s), 2 hit(s), 0 error(s), 0 left on base; Atlantic City 5 - Belvedere Park 6
BOTTOM OF THE 4TH
Belvedere Park Rawhides batting - Pitching for Atlantic City Sonics : RHP Bill Tugwell
Batting: RHB Ed Jozwiak 0-0: Foul Ball, location: 2F
0-1: Ground out 1-3 (Groundball, 13S)
Batting: RHB Armando Carmona 0-0: Called Strike
0-1: Ground out 6-3 (Groundball, 56)
Batting: RHB Emmanuele Lucchetti 0-0: Foul Ball, location: 2F
0-1: Called Strike
0-2: Strikes out looking
Bottom of the 4th over - 0 run(s), 0 hit(s), 0 error(s), 0 left on base; Atlantic City 5 - Belvedere Park 6
TOP OF THE 5TH
Atlantic City Sonics batting - Pitching for Belvedere Park Rawhides : RHP Paul Addison
Batting: RHB Kevin Malone 0-0: Fly out, F7 (Flyball, 78S)
Batting: RHB Senior Pond 0-0: Ball
1-0: Ball
2-0: Swinging Strike
2-1: Ground out U3 (Groundball, 3)
Batting: RHB Damon Grinter 0-0: Ground out 6-3 (Groundball, 56)
Top of the 5th over - 0 run(s), 0 hit(s), 0 error(s), 0 left on base; Atlantic City 5 - Belvedere Park 6
BOTTOM OF THE 5TH
Belvedere Park Rawhides batting - Pitching for Atlantic City Sonics : RHP Bill Tugwell
Batting: SHB Eduardo Pampin 0-0: Ball
1-0: Ball
2-0: Ground out 4-3 (Groundball, 34)
Batting: LHB Damian Delaney 0-0: Ball
1-0: Called Strike
1-1: Foul Ball, location: 2F
1-2: Foul Ball, location: 2F
1-2: Ball
2-2: Ball
3-2: Fly out, F7 (Flyball, 7LSF)
Batting: RHB José Pérez 0-0: Foul Ball, location: 2F
0-1: Ball
1-1: Foul Ball, location: 2F
1-2: Ball
2-2: Foul Ball, location: 2F
2-2: Ground out 5-3 (Groundball, 56)
Bottom of the 5th over - 0 run(s), 0 hit(s), 0 error(s), 0 left on base; Atlantic City 5 - Belvedere Park 6
TOP OF THE 6TH
Atlantic City Sonics batting - Pitching for Belvedere Park Rawhides : RHP Paul Addison
Batting: RHB Cristián Alfonso 0-0: Ball
1-0: Called Strike
1-1: Fly out, F4 (Line Drive, 4D)
Batting: RHB José López 0-0: Ball
1-0: Ball
2-0: Called Strike
2-1: Fly out, F9 (Line Drive, 9LS)
Pitching: RHP Aaron Chapman
Batting: LHB Russ Hanneman 0-0: Foul Ball, location: 2F
0-1: Foul Ball, location: 2F
0-2: Ball
1-2: Ball
2-2: Ball
3-2: Base on Balls
Batting: RHB Brady Bess 0-0: Swinging Strike
0-1: Fly out, F5 (Line Drive, 56)
Top of the 6th over - 0 run(s), 0 hit(s), 0 error(s), 1 left on base; Atlantic City 5 - Belvedere Park 6
BOTTOM OF THE 6TH
Belvedere Park Rawhides batting - Pitching for Atlantic City Sonics : RHP Bill Tugwell
Batting: LHB Dan O'Day 0-0: Fly out, F6 (Popup, 6)
Batting: RHB Jaime Cruz 0-0: Ball
1-0: Swinging Strike
1-1: Foul Ball, location: 2F
1-2: Ball
2-2: Ball
3-2: Ground out 1-3 (Groundball, 13S)
Batting: RHB Charles Rowell 0-0: Swinging Strike
0-1: Swinging Strike
0-2: Ball
1-2: Strikes out looking
Bottom of the 6th over - 0 run(s), 0 hit(s), 0 error(s), 0 left on base; Atlantic City 5 - Belvedere Park 6
TOP OF THE 7TH
Atlantic City Sonics batting - Pitching for Belvedere Park Rawhides : RHP Aaron Chapman
Batting: LHB Todd Blankenburg 0-0: Swinging Strike
0-1: Foul Ball, location: 2F
0-2: Ball
1-2: Strikes out looking
Batting: RHB Thurman Blumer 0-0: Called Strike
0-1: Ball
1-1: Ball
2-1: Ball
3-1: DOUBLE (Line Drive, 89D)
Batting: RHB Kevin Malone 0-0: Ball
1-0: Foul Ball, location: 2F
1-1: Ball
2-1: Swinging Strike
2-2: Foul Ball, location: 2F
2-2: Strikes out looking
Batting: RHB Senior Pond 0-0: Ball
1-0: Swinging Strike
1-1: Ball
2-1: Foul Ball, location: 2F
2-2: Foul Ball, location: 2F
2-2: Strikes out swinging
Top of the 7th over - 0 run(s), 1 hit(s), 0 error(s), 1 left on base; Atlantic City 5 - Belvedere Park 6
BOTTOM OF THE 7TH
Belvedere Park Rawhides batting - Pitching for Atlantic City Sonics : RHP Bill Tugwell
Batting: RHB Ed Jozwiak 0-0: Ball
1-0: Foul Ball, location: 2F
1-1: Foul Ball, location: 2F
1-2: Foul Ball, location: 2F
1-2: Fly out, F9 (Flyball, 9S)
Batting: RHB Armando Carmona 0-0: Ball
1-0: Ground out 3-1 (Groundball, 34S)
Batting: RHB Emmanuele Lucchetti 0-0: Ball
1-0: Ball
2-0: Called Strike
2-1: Called Strike
2-2: Ball
3-2: Fly out, F9 (Flyball, 9D)
Bottom of the 7th over - 0 run(s), 0 hit(s), 0 error(s), 0 left on base; Atlantic City 5 - Belvedere Park 6
TOP OF THE 8TH
Atlantic City Sonics batting - Pitching for Belvedere Park Rawhides : RHP Aaron Chapman
Batting: RHB Damon Grinter 0-0: Swinging Strike
0-1: Swinging Strike
0-2: Foul Ball, location: 2F
0-2: Foul Ball, location: 2F
0-2: Foul Ball, location: 2F
0-2: Ball
1-2: Strikes out swinging
Batting: RHB Cristián Alfonso 0-0: Ball
1-0: Ball
2-0: Ball
3-0: Base on Balls
Pinch Hitting: RHB Julián García 0-0: SINGLE (Groundball, 6S) (infield hit)
Cristián Alfonso to second
Pitching: LHP Arnold Berry
Pinch Hitting: SHB Phil Moore 0-0: Called Strike
0-1: Ball
1-1: Fly out, F4 (Popup, 4D)
Pitching: RHP Jason Zeitler
Batting: RHB Brady Bess 0-0: Ball
1-0: Foul Ball, location: 2F
1-1: Fielders Choice at 2nd, 5-4 (Groundball, 56)
Top of the 8th over - 0 run(s), 1 hit(s), 0 error(s), 1 left on base; Atlantic City 5 - Belvedere Park 6
BOTTOM OF THE 8TH
Belvedere Park Rawhides batting - Pitching for Atlantic City Sonics : RHP Bill Tugwell
Now at C: Julián García
Now in RF: Phil Moore
Batting: SHB Eduardo Pampin 0-0: Ball
1-0: Foul Ball, location: 2F
1-1: DOUBLE (Flyball, 89XD)
Pitching: LHP David Sherratt
Pinch Hitting: RHB Ramón Cabral 0-0: Called Strike
0-1: Fly out, F8 (Flyball, 8RD)
Runner from 2nd tags up, SAFE at 3rd, no throw
Batting: RHB José Pérez 0-0: Intentional Walk
Pinch Hitting: RHB Kevin Johnson 0-0: Ball
1-0: Ball
2-0: Ground out 5-3 (Groundball, 56S)
José Pérez to second
Batting: RHB Jaime Cruz 0-0: DOUBLE (Line Drive, 89D)
Eduardo Pampin scores
José Pérez scores
Batting: RHB Charles Rowell 0-0: Called Strike
0-1: Foul Ball, location: 2F
0-2: Ball
1-2: Foul Ball, location: 2F
1-2: Strikes out swinging
Bottom of the 8th over - 2 run(s), 2 hit(s), 0 error(s), 1 left on base; Atlantic City 5 - Belvedere Park 8
TOP OF THE 9TH
Atlantic City Sonics batting - Pitching for Belvedere Park Rawhides : RHP Jason Zeitler
Pitching: RHP Arturio Sandolva
Now at 3B: Ramón Cabral
Now in RF: Kevin Johnson
Batting: LHB Todd Blankenburg 0-0: Swinging Strike
0-1: Fly out, F9 (Line Drive, 89M)
Batting: RHB Thurman Blumer 0-0: Ball
1-0: Ball
2-0: Called Strike
2-1: SINGLE (Line Drive, 7LM)
Batting: RHB Kevin Malone 0-0: Called Strike
0-1: Foul Ball, location: 2F
0-2: Ball
1-2: Strikes out looking
Batting: RHB Senior Pond 0-0: Called Strike
0-1: Foul Ball, location: 2F
0-2: Fly out, F6 (Line Drive, 6)
Top of the 9th over - 0 run(s), 1 hit(s), 0 error(s), 1 left on base; Atlantic City 5 - Belvedere Park 8
Saturday, May 26th, 2018 - OOTP Baseball 17.12 Build 75